 Dungeon Crawl Stone Soup version 0.24-a0-165-g1b465fe (webtiles) character file.

Game seed: 1222076026698746628

125197 Dfrag the Destroyer (level 16, -7/115 HPs)
             Began as a Naga Fire Elementalist on Mar 6, 2019.
             Was the Champion of Vehumet.
             Killed from afar by Arachne (22 damage)
             ... with a poison arrow
             ... on level 2 of the Spider Nest.
             The game lasted 01:10:03 (28980 turns).

Dfrag the Destroyer (Naga Fire Elementalist)       Turns: 28980, Time: 01:10:03

Health: -7/115     AC: 11    Str:  9    XL:     16   Next: 95%
Magic:  19/42      EV:  8    Int: 33    God:    Vehumet [******]
Gold:   3228       SH:  0    Dex: 16    Spells: 1/42 levels left

rFire    + . .     SeeInvis +   p - +8 scimitar of Ointment {protect, rC+ Str-3 Int+4 Dex+3}
rCold    + + .     Gourm    .   (no shield)
rNeg     . . .     Faith    .   P - +0 ring mail "Opsen" {Int+5} (curse)
rPois    +         Spirit   .   x - +0 helmet
rElec    .         Reflect  .   r - scarf {rC+ rF+}
rCorr    .         Harm     .   (no gloves)
MR       ++...                  (no barding)
Stlth    ++++......             w - amulet of magic regeneration
HPRegen  0.29/turn              I - +4 ring of intelligence
MPRegen  0.53/turn              F - ring of magical power

@: lethally poisoned (-7 -> -11), hasted, studying Hexes, quick
A: large, see invisible, deformed body, poison resistance, slowness 2, slow
metabolism 1, spit poison 1, constrict 1, AC +5
a: Spit Poison, Renounce Religion


You were on level 2 of the Spider Nest.
You worshipped Vehumet.
Vehumet was exalted by your worship.
You were not hungry.

You visited 6 branches of the dungeon, and saw 27 of its levels.
You also visited: Gauntlet and Ice Cave.

You collected 3717 gold pieces.
You spent 489 gold pieces at shops.

Inventory:

Hand Weapons
 p - the +8 scimitar of Ointment (weapon) {protect, rC+ Str-3 Int+4 Dex+3}
   (You bought it in a shop on level 7 of the Dungeon)

   It protects the one who uses it against injury (+AC on strike).
   It affects your strength (-3).
   It affects your intelligence (+4).
   It affects your dexterity (+3).
   It protects you from cold.
Armour
 h - a +1 robe of the Archmagi
 r - a scarf of resistance (worn)
 x - a +0 helmet (worn)
 J - a +1 cloak of invisibility
 O - a +2 robe of cold resistance
 P - the cursed +0 ring mail "Opsen" (worn) {Int+5}
   (You found it on level 3 of the Lair of Beasts)

   It affects your intelligence (+5).
   It has a curse placed upon it.
Jewellery
 w - an amulet of magic regeneration (around neck)
 C - an uncursed amulet of the gourmand
 F - a ring of magical power (right hand)
 I - a +4 ring of intelligence (left hand)
 M - an uncursed ring of ice
Wands
 m - a wand of polymorph (4)
 n - a wand of acid (18)
 y - a wand of disintegration (19)
 z - a wand of random effects (19)
 H - a wand of paralysis (33)
 Q - a wand of flame (29)
Scrolls
 a - 2 scrolls of random uselessness
 d - 2 scrolls of magic mapping {unknown}
 e - 8 scrolls of remove curse
 f - 8 scrolls of amnesia
 i - 6 scrolls of fog
 o - 7 scrolls of enchant weapon
 q - 3 scrolls of immolation
 v - a scroll of torment {unknown}
 A - 5 scrolls of enchant armour
 L - a scroll of vulnerability {unknown}
 T - 2 scrolls of noise
 U - a scroll of acquirement {unknown}
 X - a scroll of brand weapon
Potions
 b - a potion of invisibility
 g - a potion of magic
 k - 4 potions of berserk rage
 l - a potion of brilliance
 s - 6 potions of flight
 t - a potion of ambrosia
 B - 4 potions of agility
 G - a potion of curing
 K - 6 potions of might
 N - a potion of mutation
 S - 4 potions of cancellation
 Y - a potion of resistance
Books
 j - a manual of Hexes
Comestibles
 c - 26 rations


   Skills:
 - Level 11.6 Armour
 - Level 1.5 Dodging
 - Level 11.2 Stealth
 + Level 13.9 Spellcasting
 + Level 14.9 Conjurations
 + Level 14.4 Fire Magic
 - Level 7.9 Air Magic
 - Level 4.6 Earth Magic


You had one spell level left.
You knew the following spells:

 Your Spells              Type           Power        Failure   Level  Hunger
a - Airstrike             Air            ######....   1%          4    None
b - Conjure Flame         Conj/Fire      #######.     1%          3    None
c - Sticky Flame          Conj/Fire      #######.     1%          4    None
d - Fireball              Conj/Fire      #######...   1%          5    None
e - Orb of Destruction    Conj           #######...   2%          7    #####..
f - Bolt of Fire          Conj/Fire      #######...   1%          6    ###....
g - Lightning Bolt        Conj/Air       #######...   1%          5    None
h - Iron Shot             Conj/Erth      ######....   3%          6    ###....
i - Flame Tongue          Conj/Fire      #####        0%          1    None

Your spell library contained the following spells:

 Spells                   Type           Power        Failure   Level  Hunger
 Magic Dart               Conj           ####         0%          1    None
 Shock                    Conj/Air       ####         1%          1    None
 Animate Skeleton         Necr           N/A          4%          1    None
 Apportation              Tloc           ###...       4%          1    None
 Confusing Touch          Hex            ###...       4%          1    None
 Corona                   Hex            ###....      4%          1    None
 Summon Small Mammal      Summ           ###.         4%          1    None
 Searing Ray              Conj           ######       0%          2    None
 Throw Flame              Conj/Fire      ######       0%          2    None
 Swiftness                Chrm/Air       #####...     1%          2    None
 Dazzling Spray           Conj/Hex       ######       1%          3    None
 Inner Flame              Hex/Fire       ######..     1%          3    None
 Static Discharge         Conj/Air       #######.     1%          3    None
 Force Lance              Conj/Tloc      ######..     1%          4    None
 Fulminant Prism          Conj/Hex       ######....   1%          4    None
 Iskenderun's Mystic Bla  Conj           #######.     1%          4    None
 Bolt of Magma            Conj/Fire/Erth #######...   1%          5    None
 Iskenderun's Battlesphe  Conj/Chrm      ######..     1%          5    None
 Venom Bolt               Conj/Pois      ######....   1%          5    None
 Slow                     Hex            ###.....     6%          2    None
 Portal Projectile        Hex/Tloc       ###...       12%         3    None
 Leda's Liquefaction      Hex/Erth       #####.....   16%         4    None
 Silence                  Hex/Air        #####.....   22%         5    None
 Yara's Violent Unravell  Hex/Tmut       ###.......   28%         5    None
 Spellforged Servitor     Conj/Summ      ######....   36%         7    #####..
 Cause Fear               Hex            ###.......   38%         4    None
 Deflect Missiles         Chrm/Air       #####.....   77%         6    ###....
 Discord                  Hex            ###.......   100%        8    ######.


Dungeon Overview and Level Annotations

Branches:
Dungeon (14/15)            Temple (1/1) D:7            Lair (6/6) D:10
  Swamp (2/4) Lair:4       Spider (2/4) Lair:2        Slime (0/5) Lair:5
    Orc (2/2) D:10            Elf (0/3) Orc:2        Vaults (0/5) D:13

Altars:
Cheibriados
Dithmenos
Elyvilon
Fedhas
Gozag
Hepliaklqana
Kikubaaqudgha
Makhleb
Nemelex Xobeh
Okawaru
Qazlal
Ru
Sif Muna
Trog
Uskayaw
Vehumet
Wu Jian
Xom
Zin
The Shining One
Beogh
Jiyva

Shops:
D:7 (((=(   D:8 (   D:14 !   Orc:2 }([=%

Annotations:
D:14 Nessos
Lair:5 1 runed translucent door
Spider:2 Arachne


Innate Abilities, Weirdness & Mutations

You cannot wear boots.
Your serpentine skin is tough. (AC +5)
You have supernaturally acute eyesight. (SInv)
Armour fits poorly on your strangely shaped body.
Your system is resistant to poisons. (rPois)
You cover ground very slowly.
You have a slow metabolism.
You can spit poison.
You can use your snake-like lower body to constrict enemies.


Message History

Press: ? - help, Shift-Dir - straight line, f - Arachne
Aim: Arachne, wielding a staff of poison (blue smoke, clinging)
The sticky flame hits Arachne!
Arachne is lightly wounded.
Arachne is covered in liquid flames!
Arachne burns!
Arachne says, "Come to my web."
Arachne stares at you and mumbles some strange words.
The poison arrow misses you.
Unknown command.
Casting: Sticky Flame (safe; 1% risk of failure)
Confirm with . or Enter, or press ? or * to list all spells.
Aiming: Iron Shot (safe; 3% risk of failure)
Press: ? - help, Shift-Dir - straight line, f/p - Arachne
Aim: Arachne, wielding a staff of poison (blue smoke, lightly wounded, covered in liquid flames, clinging)
The iron shot misses Arachne.
Arachne stares at you and mumbles some strange words.
The poison arrow hits you!!
You are poisoned.
You partially resist.
You die...

...##....#.^
..
###..#.#....#
#..#^.....s.#
#....>.#†#.#
.....#...H####
#...#§§§^#
#.s.#..§§§§#
#..####§§H##
.... ##§§@###
°#... ##.§§§#
# ##. ###§§#
## #..#####
#.....^#
#...^..##
#####...#
##.....#
#......##


You could see Arachne (burning).

Vanquished Creatures
  Rupert (Lair:5)
  A tentacled monstrosity (Swamp:1)
  Kirke (Lair:5)
  2 ghost moths (Spider:1)
  An emperor scorpion (Spider:2)
  The ghost of Itutij the Cruncher, a journeyman MiGl of Okawaru (Swamp:1)
  A dire elephant (Gauntlet)
  A minotaur (Gauntlet)
  Josephine (Lair:5)
  Fannar (Lair:3)
  4 vault guards (D:13)
  3 ice dragons
  9 hydras
  Erica (Lair:1)
  4 centaur warriors
  A queen ant (Lair:3)
  2 death knights
  8 death yaks
  5 two-headed ogres
  A deep elf knight (D:11)
  A soul eater (Gauntlet)
  4 orc high priests
  Sonja (Orc:1)
  2 skeletal warriors (D:14)
  5 unseen horrors
  2 swamp dragons (Swamp:1)
  A deep elf archer (D:12)
  Pikel (D:8)
  A lindwurm (Lair:6)
  6 orc knights
  2 orb spiders
  3 oklob plants (Lair:1)
  6 wolf spiders
  5 orc sorcerers
  3 cyclopes
  A manticore (D:12)
  Maurice (D:8)
  5 elephants
  2 gargoyles
  2 ice statues (IceCv)
  Joseph (Lair:1)
  14 spiny frogs
  A black mamba (Lair:2)
  Psyche (D:8)
  3 komodo dragons
  An efreet (D:11)
  6 rime drakes
  5 demonic crawlers
  21 jumping spiders
  8 hornets
  6 polar bears
  A merfolk (D:13)
  Grinder (D:5)
  12 trolls
  3 bog bodies
  4 tyrant leeches
  4 slime creatures
  A dream sheep (Lair:6)
  7 blink frogs
  13 hippogriffs
  21 redbacks
  13 spriggans
  7 wraiths
  10 tarantellas
  3 flying skulls (Gauntlet)
  32 yaks
  4 wyverns
  2 shadows
  2 basilisks (Lair:2)
  3 hogs (Lair:5)
  Grum (Lair:1)
  9 vampire mosquitoes
  A steam dragon (D:11)
  4 wargs
  2 swamp worms (Swamp:1)
  8 soldier ants (Lair:3)
  Duvessa (D:7)
  6 water moccasins
  6 porcupines
  A swamp drake (D:10)
  35 orc warriors
  3 phantoms
  2 black bears (Lair:6)
  18 ice beasts
  4 boggarts (Lair:6)
  4 sky beasts
  15 ogres
  16 centaurs
  24 wolves
  11 crocodiles
  5 big kobolds
  19 bullfrogs
  A gnoll sergeant (D:12)
  Dowan (D:7)
  A wyvern zombie (D:11)
  2 scorpions
  6 killer bees
  16 wights
  2 electric eels
  6 howler monkeys
  8 crimson imps
  5 centaur zombies
  8 hounds
  A jelly (D:12)
  34 orc wizards
  A gnoll shaman (D:9)
  13 orc priests
  3 bullfrog skeletons
  2 centaur skeletons
  4 iguanas
  27 worker ants
  A killer bee zombie (D:10)
  A hound skeleton (D:9)
  A worker ant zombie (D:7)
  11 gnolls
  7 adders
  7 shadow imps
  2 oozes
  An adder skeleton (D:8)
  5 worms
  6 dart slugs
  4 leopard geckos
  111 orcs
  11 bats
  4 giant cockroaches
  4 hobgoblins
  12 jackals
  2 quokkas
  2 ball pythons
  5 frilled lizards
  5 goblins
  27 kobolds
  A leopard gecko zombie (D:5)
  5 rats
  5 bushes
  2 fungi (Lair:6)
  7 plants
898 creatures vanquished.

Vanquished Creatures (collateral kills)
  2 wolf spiders (Spider:2)
  2 jumping spiders (Spider:1)
4 creatures vanquished.

Vanquished Creatures (others)
  A jumping spider (Spider:2)
  A rime drake (Lair:5)
  An acid dragon (D:12)
  A sky beast (D:12)
  A jelly (D:12)
  A bullfrog skeleton (D:12)
  A bush (Lair:2)
  17 fungi
  24 plants
48 creatures vanquished.

Grand Total: 950 creatures vanquished

Notes
Turn   | Place    | Note
-------+----------+-------------------------------------------
     0 | D:1      | Dfrag the Naga Fire Elementalist began the quest for the
                  | Orb.
     0 | D:1      | Reached XP level 1. HP: 15/15 MP: 3/3
   174 | D:1      | Reached XP level 2. HP: 13/22 MP: 1/5
   463 | D:1      | You fall through a shaft!
   575 | D:1      | Reached XP level 3. HP: 28/28 MP: 3/6
  1184 | D:2      | Reached XP level 4. HP: 36/36 MP: 1/8
  1468 | D:3      | Found a shimmering altar of Xom.
  2054 | D:4      | Reached XP level 5. HP: 34/42 MP: 2/9
  2059 | D:4      | Learned a level 3 spell: Conjure Flame
  2064 | D:4      | Learned a level 4 spell: Sticky Flame
  2294 | D:4      | Found an ornate altar of the Wu Jian Council.
  2347 | D:4      | Noticed an ogre
  2351 | D:4      | Killed an ogre
  2392 | D:4      | Reached XP level 6. HP: 19/49 MP: 1/11
  2676 | D:4      | Noticed a phantom
  2688 | D:4      | Killed a phantom
  2724 | D:4      | Reached skill level 5 in Fire Magic
  2724 | D:4      | Reached XP level 7. HP: 55/55 MP: 3/13
  3073 | D:5      | Entered Level 5 of the Dungeon
  3138 | D:5      | Noticed Grinder
  3221 | D:5      | Killed Grinder
  3254 | D:5      | Reached skill level 5 in Spellcasting
  3254 | D:5      | Reached skill level 5 in Conjurations
  3254 | D:5      | Reached XP level 8. HP: 49/62 MP: 4/15
  4574 | D:6      | Found a bloodstained altar of Trog.
  4803 | D:6      | Reached XP level 9. HP: 63/68 MP: 7/18
  5019 | D:7      | Learned a level 5 spell: Fireball
  5058 | D:7      | Noticed Duvessa
  5219 | D:8      | Found Cyteitucad's Antique Weapon Shop.
  5258 | D:8      | Noticed Psyche
  5301 | D:7      | Noticed Dowan
  5506 | D:7      | Killed Duvessa
  5513 | D:7      | Found Biumius's Jewellery Emporium.
  5518 | D:7      | Killed Dowan
  5817 | D:7      | Found Fenugy's Antique Weapon Boutique.
  5828 | D:7      | Found Hoixiuzu's Antique Weapon Shoppe.
  5833 | D:7      | Bought a smoking scimitar for 189 gold pieces
  5869 | D:7      | Bought an uncursed amulet of magic regeneration for 300
                  | gold pieces
  5869 | D:7      | Identified the +8 scimitar of Ointment {protect, rC+ Str-3
                  | Int+4 Dex+3} (You bought it in a shop on level 7 of the
                  | Dungeon)
  5915 | D:7      | Found Igaqeb's Weapon Emporium.
  5918 | D:7      | Found a staircase to the Ecumenical Temple.
  5931 | Temple   | Entered the Ecumenical Temple
  5939 | Temple   | Became a worshipper of Vehumet
  6045 | D:7      | Found Deika Ase's Antique Weapon Boutique.
  6149 | D:7      | Noticed an unseen horror
  6157 | D:7      | Killed an unseen horror
  6157 | D:7      | Reached XP level 10. HP: 74/75 MP: 21/21
  6331 | D:8      | Found a stormy altar of Qazlal.
  6359 | D:8      | Noticed Pikel
  6365 | D:8      | Killed Pikel
  6484 | D:8      | Noticed Maurice
  6490 | D:8      | Killed Maurice
  6490 | D:8      | Reached * piety under Vehumet
  6490 | D:8      | Offered knowledge of Sandblast by Vehumet.
  6977 | D:8      | Killed Psyche
  7325 | D:9      | Reached ** piety under Vehumet
  7388 | D:9      | Offered knowledge of Throw Frost by Vehumet.
  7400 | D:9      | Found an ancient bone altar of Kikubaaqudgha.
  7473 | D:9      | Found a sparkling altar of Nemelex Xobeh.
  7690 | D:9      | Found a snail-covered altar of Cheibriados.
  7864 | D:10     | Entered Level 10 of the Dungeon
  7930 | D:10     | Noticed a two-headed ogre
  7936 | D:10     | Killed a two-headed ogre
  7936 | D:10     | Reached skill level 10 in Fire Magic
  7936 | D:10     | Reached XP level 11. HP: 76/81 MP: 16/24
  7971 | D:10     | Noticed an unseen horror
  8036 | D:10     | Offered knowledge of Ignite Poison by Vehumet.
  8039 | D:10     | Reached skill level 10 in Conjurations
  8060 | D:10     | Killed an unseen horror
  8077 | D:10     | Found a staircase to the Lair.
  8128 | D:10     | Reached *** piety under Vehumet
  8495 | D:10     | Noticed an ice dragon
  8499 | D:10     | Killed an ice dragon
  8655 | D:10     | Offered knowledge of Stone Arrow by Vehumet.
  8749 | D:10     | Found a staircase to the Orcish Mines.
  8886 | D:11     | Reached **** piety under Vehumet
  8892 | D:11     | Noticed a cyclops
  8896 | D:11     | Killed a cyclops
  8896 | D:11     | Reached skill level 10 in Spellcasting
  8980 | D:11     | Noticed a centaur warrior
  8990 | D:11     | Killed a centaur warrior
  9338 | D:11     | Offered knowledge of Bolt of Draining by Vehumet.
  9365 | D:11     | Reached XP level 12. HP: 71/88 MP: 26/26
  9371 | D:11     | Learned a level 4 spell: Airstrike
  9379 | D:11     | Learned a level 7 spell: Orb of Destruction
  9420 | D:11     | Noticed a two-headed ogre
  9434 | D:11     | Killed a two-headed ogre
  9465 | D:11     | Found a roughly hewn altar of Beogh.
  9608 | D:11     | Noticed a two-headed ogre
  9612 | D:11     | Killed a two-headed ogre
  9963 | D:12     | Reached ***** piety under Vehumet
  9963 | D:12     | Offered knowledge of Yara's Violent Unravelling by Vehumet.
 10352 | D:12     | Found a hazy altar of Hepliaklqana.
 10985 | D:12     | Noticed a deep elf knight
 11240 | D:12     | Noticed a centaur warrior
 11247 | D:11     | Killed a centaur warrior
 11331 | D:11     | Killed a deep elf knight
 11331 | D:11     | Gained mutation: You can use your snake-like lower body to
                  | constrict enemies. [Naga growth]
 11331 | D:11     | Reached XP level 13. HP: 37/94 MP: 28/28
 11832 | D:13     | Noticed a vault guard
 12089 | Lair:1   | Entered Level 1 of the Lair of Beasts
 12309 | Lair:1   | Noticed Grum
 12317 | Lair:1   | Killed Grum
 12606 | Lair:1   | Noticed Joseph
 12609 | Lair:1   | Killed Joseph
 13170 | Lair:2   | Found a hole to the Spider Nest.
 13266 | Lair:2   | Offered knowledge of Lee's Rapid Deconstruction by Vehumet.
 13854 | Lair:3   | Noticed Fannar
 13988 | Lair:3   | Killed Fannar
 14018 | Lair:3   | Found a frozen archway.
 14043 | IceCv    | Entered an ice cave
 14264 | IceCv    | Noticed an ice dragon
 14266 | IceCv    | Noticed an ice dragon
 14268 | IceCv    | Killed an ice dragon
 14269 | IceCv    | Killed an ice dragon
 14269 | IceCv    | Reached XP level 14. HP: 102/102 MP: 16/30
 14389 | IceCv    | Got a sparkling copper amulet
 14390 | IceCv    | Identified the amulet "Dasyt" {+Rage rN+} (You found it in
                  | an ice cave)
 15000 | Lair:3   | Got a jewelled ring mail
 15535 | Lair:4   | Found a gate leading to a gauntlet.
 15577 | Lair:4   | Learned a level 5 spell: Lightning Bolt
 15583 | Gauntlet | Entered a Gauntlet
 15583 | Gauntlet | Found a transporter.
 15594 | Gauntlet | Found a transporter.
 15609 | Gauntlet | Found a transporter.
 15615 | Gauntlet | Found a transporter.
 15635 | Gauntlet | Found a transporter.
 15649 | Gauntlet | Found a transporter.
 15649 | Gauntlet | Noticed a dire elephant
 15661 | Gauntlet | Found a transporter.
 15667 | Gauntlet | Found a transporter.
 15669 | Gauntlet | Found a transporter.
 15691 | Gauntlet | Found a transporter.
 15697 | Gauntlet | Found a transporter.
 15717 | Gauntlet | Found a transporter.
 15723 | Gauntlet | Found a transporter.
 15741 | Gauntlet | Found a transporter.
 15749 | Gauntlet | Found a transporter.
 15795 | Gauntlet | Found a transporter.
 15827 | Gauntlet | Found a transporter.
 15829 | Gauntlet | Found a transporter.
 16175 | Gauntlet | Reached skill level 1 in Air Magic
 16325 | Gauntlet | Killed a dire elephant
 16326 | Gauntlet | Reached skill level 5 in Stealth
 16480 | Gauntlet | Got a crude cloak
 16493 | Gauntlet | Identified the cursed -6 cloak of Indemnity {rF+ MR+ rCorr}
                  | (You found it in a Gauntlet)
 16511 | Gauntlet | Identified the cursed +0 ring mail "Opsen" {Int+5} (You
                  | found it on level 3 of the Lair of Beasts)
 16569 | Gauntlet | Offered knowledge of Irradiate by Vehumet.
 17236 | Lair:4   | Found a staircase to the Swamp.
 17552 | Lair:5   | Noticed Rupert
 17659 | Lair:5   | Noticed Josephine
 17665 | Lair:5   | Killed Josephine
 17960 | Lair:5   | Found a runed translucent door.
 17961 | Lair:5   | Found a viscous altar of Jiyva.
 17961 | Lair:5   | Noticed an acid blob
 17962 | Lair:5   | Noticed an acid blob
 17963 | Lair:5   | Found a staircase to the Slime Pits.
 18217 | Lair:5   | Paralysed by Rupert for 5 turns
 18225 | Lair:5   | Killed Rupert
 18225 | Lair:5   | Reached skill level 5 in Air Magic
 18346 | Lair:5   | Noticed Kirke
 18352 | Lair:5   | Killed Kirke
 18359 | Lair:5   | Found a glowing silver altar of Zin.
 18517 | Lair:5   | Reached skill level 10 in Stealth
 18924 | Lair:6   | Entered Level 6 of the Lair of Beasts
 19227 | Lair:6   | Reached XP level 15. HP: 104/108 MP: 11/31
 19302 | Lair:6   | Reached skill level 1 in Armour
 19628 | Lair:6   | Reached skill level 5 in Armour
 19752 | Lair:6   | Found a shimmering altar of Xom.
 20764 | Orc:1    | Entered Level 1 of the Orcish Mines
 20765 | Orc:1    | Offered knowledge of Freezing Cloud by Vehumet.
 21102 | Orc:1    | Found Bugixi's Antique Weapon Shop.
 21256 | Orc:2    | Entered Level 2 of the Orcish Mines
 21271 | Orc:2    | Found a staircase to the Elven Halls.
 21508 | Orc:2    | Found Eseiluo's Food Boutique.
 22066 | Orc:2    | Found Uptiuw's Gadget Emporium.
 22389 | Orc:2    | Reached skill level 10 in Armour
 22474 | Orc:2    | Found Wafruemina's Antique Armour Boutique.
 22480 | Orc:2    | Found Heudd's Jewellery Boutique.
 22482 | Orc:2    | Found Jocoira's Weapon Emporium.
 22599 | Orc:1    | Noticed Sonja
 22882 | Orc:1    | Killed Sonja
 23214 | D:13     | HP: 2/108 [vault guard/+0 battleaxe (15)]
 23368 | D:13     | Reached ****** piety under Vehumet
 23760 | D:13     | Learned a level 6 spell: Iron Shot
 23980 | D:13     | Offered knowledge of Ozocubu's Refrigeration by Vehumet.
 24034 | D:13     | Reached skill level 1 in Earth Magic
 24034 | D:13     | Reached XP level 16. HP: 75/115 MP: 30/32
 24190 | D:13     | Found a gate to the Vaults.
 24803 | D:14     | Found Loaplus's Distillery.
 24818 | D:14     | Noticed Nessos
 24925 | Lair:1   | Noticed Erica
 24928 | Lair:1   | Killed Erica
 25004 | Swamp:1  | Entered Level 1 of the Swamp
 25004 | Swamp:1  | Noticed a tentacled monstrosity
 25017 | Swamp:1  | Killed a tentacled monstrosity
 25033 | Swamp:1  | HP: 1/172 [swamp dragon (10)]
 25591 | Swamp:1  | Found a runed translucent door.
 25591 | Swamp:1  | Noticed Itutij's ghost (journeyman MiGl)
 26400 | Swamp:1  | Killed Itutij's ghost
 26817 | Spider:1 | Entered Level 1 of the Spider Nest
 27083 | Spider:1 | HP: 7/172 [shot self (31)]
 27085 | Spider:1 | Offered knowledge of Bolt of Fire by Vehumet.
 27556 | Spider:1 | HP: 2/115 [wolf spider (17)]
 27710 | Spider:1 | Learned a level 6 spell: Bolt of Fire
 28923 | Spider:2 | HP: 1/172 [jumping spider (8)]
 28929 | Spider:2 | HP: 1/172 [jumping spider (5)]
 28973 | Spider:2 | Noticed Arachne
 28980 | Spider:2 | Killed from afar by Arachne

Levels and vault maps discovered:
D:1:      dpeg_arrival_water_altar, layout_loops_cross, minmay_split_cup_small
D:2:      layout_basic
D:3:      layout_basic, old_standard_altar, first_ration
D:4:      layout_loops_ring, nicolae_overflow_crystal_walls
D:5:      layout_gridville, serial_glass, glass_columns_b, glass_columns_a,
          item_on_display_a, minmay_strange_pillars, minmay_strange_pillars,
          st_stairs_4, minmay_manual_mail, uniq_grinder
D:6:      layout_loops_corners, lightli_temple_of_fire
D:7:      layout_cave_pools, minmay_temple_entry_mist, serial_shops,
          nicolae_shop_waterfront, nicolae_shop_window_shopping,
          kennysheep_little_box, nicolae_shop_stone, shop_coins, uniq_duvessa
D:8:      layout_basic, old_standard_altar, serial_shops, shop_fountains,
          minmay_manual_monstrance, uniq_psyche, uniq_pikel, uniq_maurice
D:9:      layout_rooms, old_standard_altar, marbit_many_paths,
          nemelex_altar_shiori
D:10:     dragon1_lemuel, layout_irregular_city, erik_lair_orcish_takeover,
          erik_orc_1, serial_column_ruins, column_ruins_square_medium,
          column_ruins_grid_4, column_ruins_open_tiny,
          column_ruins_columns_corner, column_ruins_open_small
D:11:     layout_long_grid, special_room [special_room_orc]
D:12:     hangedman_arrow_trap, layout_loops_ring, basic_altar
D:13:     layout_loops_ring, lightli_vaults_fourway_checkpoint,
          hangedman_fish_farm, kennysheep_cross_room
D:14:     layout_rooms, serial_shops, shop, shop, fedhas_altar_4, tgw_sif,
          uniq_azrael, uniq_nessos
Temple:   nicolae_temple_x_marks_the_god
Lair:1:   layout_roguey, grunt_forest_large_clearing_hut,
          minmay_lair_oklob_chamber, serial_bayou_shore_b, uniq_erica,
          uniq_joseph, uniq_grum
Lair:2:   layout_big_grid, spider_nest_entry_web_field, minivault_25,
          minmay_hedge_maze
Lair:3:   layout_gridlike, portal_ice_cave_rime, minmay_another_anthill,
          serial_bayou_shore_b, serial_bayou_shore_a, infiniplex_staircase_pool,
          uniq_fannar
Lair:4:   layout_roguey, minmay_swamp_entry_swarm, gauntlet_entry_generic
Lair:5:   layout_regular_city, slime_altar_2, basic_altar, uniq_rupert,
          uniq_josephine, uniq_kirke
Lair:6:   minmay_lair_end_enchanted_forest, layout_small_grid, basic_altar,
          nicolae_quartered_pool_little
Swamp:1:  layout_falls_marsh, ebering_ghost_inner_flame,
          evilmike_swamp_ruin_house_4, swamp_pool4
Swamp:2:  layout_falls_marsh, hangedman_swamp_cone
Spider:1: nicolae_spider_hall_of_the_moth_king, drop_trap,
          guppyfry_spider_mini_1
Spider:2: layout_spider_delve, nicolae_spider_shape, uniq_arachne
Orc:1:    layout_caves, serial_shops, shop, uniq_sonja
Orc:2:    st_orc_elflike, layout_diamond_mine, serial_shops, shop
IceCv:    ice_cave_small_dragons
Gauntlet: gammafunk_gauntlet_one_two_three [nicolae_gauntlet_arena_x,
          nicolae_gauntlet_arena_flowing_pool, nicolae_gauntlet_arena_quarters,
          gammafunk_gauntlet_arena_arrow_garden, nicolae_gauntlet_arena_t_cross,
          nicolae_gauntlet_swirl, nicolae_gauntlet_arena_blocks,
          gammafunk_gauntlet_arena_hedges, gammafunk_gauntlet_arena_chambers,
          gauntlet_exit_spiral]

Skill      XL: |  1  2  3  4  5  6  7  8  9 10 11 12 13 14 15 16 |
---------------+-------------------------------------------------+-----
Conjurations   | 2 3 4 5 6 8 9 10 12 13 14 | 14.9
Spellcasting   | 3 4 5 6 7 9 10 11 12 13 | 13.9
Fire Magic     | 4 5 7 8 10 11 12 13 14 | 14.4
Air Magic      | 7 |  7.9
Stealth        | 11 | 11.2
Armour         | 11 | 11.6
Earth Magic    | 1 4 |  4.6
Dodging        | |  1.5

Action                   |  1- 3 |  4- 6 |  7- 9 | 10-12 | 13-15 | 16-18 || total
-------------------------+-------+-------+-------+-------+-------+-------++-------
Melee: Unarmed           |     4 |    11 |    52 |       |       |       ||    67
       Scimitar          |       |       |     1 |    70 |    40 |    17 ||   128
       Constrict         |       |       |       |       |    17 |     4 ||    21
 Cast: Flame Tongue      |    41 |    55 |   137 |   162 |     2 |       ||   397
       Sticky Flame      |       |     4 |    26 |    54 |    96 |    36 ||   216
       Conjure Flame     |       |       |     1 |     2 |       |     1 ||     4
       Fireball          |       |       |     3 |   117 |   380 |   113 ||   613
       Airstrike         |       |       |       |    38 |    65 |    16 ||   119
       Orb of Destructio |       |       |       |     1 |    11 |    11 ||    23
       Lightning Bolt    |       |       |       |       |    16 |    10 ||    26
       Iron Shot         |       |       |       |       |       |    31 ||    31
       Bolt of Fire      |       |       |       |       |       |     8 ||     8
 Abil: Spit Poison       |    24 |    26 |    18 |     9 |     2 |     1 ||    80
       Evoke Invisibilit |       |       |       |     1 |     2 |       ||     3
Evoke: Wand              |       |       |     3 |     5 |     9 |    16 ||    33
  Use: Scroll            |       |     7 |     3 |    10 |    13 |    10 ||    43
       Potion            |       |       |     2 |       |     5 |    13 ||    20
 Stab: Paralysed         |       |       |       |     4 |       |     4 ||     8
  Eat: Chunk             |     2 |     6 |    16 |    25 |    36 |     6 ||    91
       Ration            |       |       |       |     2 |     3 |     4 ||     9
Armor: Robe              |     8 |    16 |    40 |    84 |    27 |       ||   175
       Ring mail         |       |       |       |       |    72 |    64 ||   136
       Skin              |       |       |       |       |     2 |   139 ||   141
Dodge: Dodged            |    21 |    22 |    88 |   124 |    88 |    56 ||   399
Block: Other             |     2 |    12 |    32 |       |       |       ||    46
       Reflection        |       |       |     2 |       |       |       ||     2
       Rpst.: Scimitar   |       |       |     1 |    21 |    20 |     6 ||    48

Table legend:
 A = Non-vault XP
 B = Vault XP
 C = Vault XP percentage of total XP
 D = Non-vault monster count
 E = Vault monster count
 F = Vault count percentage of total count
                 A         B        C        D         E       F
            +---------+---------+-------+---------+---------+-------
      Total |  106519 |   72335 |  40.4 |     614 |     274 |  30.9
            +---------+---------+-------+---------+---------+-------
        D:1 |      26 |       5 |  16.1 |      16 |       3 |  15.8
        D:2 |      54 |       0 |   0.0 |      19 |       0 |   0.0
        D:3 |      45 |       0 |   0.0 |      16 |       0 |   0.0
        D:4 |     573 |       0 |   0.0 |      14 |       0 |   0.0
        D:5 |     257 |     571 |  69.0 |       7 |       6 |  46.2
        D:6 |     865 |       0 |   0.0 |      26 |       0 |   0.0
        D:7 |    1440 |     234 |  14.0 |      22 |       2 |   8.3
        D:8 |    1232 |    1956 |  61.4 |      25 |       9 |  26.5
        D:9 |    1639 |      13 |   0.8 |      33 |       1 |   2.9
       D:10 |    3962 |    2262 |  36.3 |      40 |      28 |  41.2
       D:11 |    6177 |    2370 |  27.7 |      39 |      23 |  37.1
       D:12 |    7038 |    2571 |  26.8 |      49 |       8 |  14.0
       D:13 |    7601 |    7268 |  48.9 |      33 |      13 |  28.3
       D:14 |    3704 |       0 |   0.0 |       7 |       0 |   0.0
     Lair:1 |    4180 |    4308 |  50.8 |      21 |      13 |  38.2
     Lair:2 |    4385 |       0 |   0.0 |      15 |       0 |   0.0
     Lair:3 |    2207 |    4536 |  67.3 |       8 |      31 |  79.5
     Lair:4 |    3362 |     553 |  14.1 |      17 |       3 |  15.0
     Lair:5 |    5928 |    7828 |  56.9 |      17 |      11 |  39.3
     Lair:6 |   13304 |    8824 |  39.9 |      30 |      45 |  60.0
    Swamp:1 |   10227 |    2493 |  19.6 |      16 |       2 |  11.1
    Swamp:2 |    1489 |       0 |   0.0 |       5 |       0 |   0.0
   Spider:1 |   11484 |    6733 |  37.0 |      33 |      21 |  38.9
   Spider:2 |    7573 |     225 |   2.9 |      18 |       1 |   5.3
      Orc:1 |    4929 |     814 |  14.2 |      56 |       1 |   1.8
      Orc:2 |    2838 |    8348 |  74.6 |      32 |      22 |  40.7
      IceCv |       0 |    5397 | 100.0 |       0 |      20 | 100.0
   Gauntlet |       0 |    5026 | 100.0 |       0 |      11 | 100.0
            +---------+---------+-------+---------+---------+-------
